Map: Abyssal Reef LE

Players

TRUE - Winner!

  • Race: Zerg Zerg
  • Spawn Location: 11:00

HeltEn

  • Race: Terran Terran
  • Spawn Location: 5:00

Event: WCS Jonkoping 2017

VOD

Have the link to the VOD?

Description

Time

  • Played on: June 17, 2017, 7:07 a.m.
  • Length: 5:45

All games in this series

Show
View Real Time Build Order
Export as new Build Order

TRUE Zerg - Winner!

Build Orders: Pool First 

Get SALT Encoding   

  12  0:00  Drone  
  13  0:12  Overlord  
  13  0:17  Drone  
  14  0:31  Drone x2  
  14  0:34  Drone  
  17  0:45  Spawning Pool  
  17  0:46  Extractor  
  15  0:50  Drone  
  15  0:56  Drone  
  17  1:15  Hatchery  
  16  1:19  Drone  
  17  1:31  Queen  
  19  1:35  Zergling x2  
  19  1:39  Drone  
  21  1:47  Metabolic Boost  
  21  1:56  Overlord  
  21  1:58  Drone  
  22  2:13  Queen  
  22  2:15  Drone x2  
  25  2:21  Drone  
  27  2:27  Overlord  
  27  2:35  Pneumatized Carapace  
  27  2:37  Drone  
  28  2:42  Overlord  
  28  2:46  Drone  
  28  2:49  Drone  
  28  2:50  Drone  
  31  2:53  Drone  
  31  2:56  Drone  
  33  3:00  Drone  
  33  3:02  Drone  
  35  3:11  Drone x2  
  36  3:21  Hatchery  
  36  3:26  Queen  
  37  3:30  Zergling x2  
  37  3:32  Zergling x4  
  40  3:36  Overlord  
  40  3:41  Queen  
  42  3:53  Drone  
  42  3:54  Overlord  
  43  3:55  Overlord  
  43  3:58  Overlord  
  43  4:03  Queen  
  43  4:08  Zergling x8  
  50  4:10  Zergling x2  
  50  4:11  Zergling x2  
  50  4:14  Zergling x2  
  52  4:20  Queen  
  52  4:23  Zergling x4  
  56  4:34  Drone  
  56  4:35  Drone x5  
  56  4:36  Drone  
  63  4:41  Drone  
  63  4:44  Evolution Chamber  
  61  4:48  Evolution Chamber  
  61  4:49  Drone  
  52  4:53  Drone x3  
  52  4:58  Drone  
  56  5:05  Drone  
  57  5:09  Drone  
  58  5:15  Zergling x2  
  58  5:19  Zergling x2  
  60  5:27  Zergling x2  
  60  5:32  Drone x3  
  60  5:33  Drone  
Show
View Real Time Build Order
Export as new Build Order

HeltEn Terran 

Build Orders: Liberator Opening 

Get SALT Encoding   

  12  0:00  SCV  
  13  0:13  SCV  
  14  0:17  Supply Depot  
  14  0:25  SCV  
  15  0:39  SCV  
  15  0:40  Barracks  
  16  0:44  Refinery  
  16  0:51  SCV  
  17  1:03  SCV  
  18  1:15  SCV  
  19  1:27  Marine, Orbital Command  
  20  1:40  Command Center  
  20  1:44  Marine  
  21  1:53  Factory  
  21  1:57  SCV  
  22  2:04  Barracks Reactor  
  22  2:07  Supply Depot  
  22  2:11  SCV  
  23  2:18  Refinery  
  23  2:29  SCV  
  24  2:41  SCV, Starport  
  25  2:48  Hellion x2  
  25  2:49  Barracks Tech Lab  
  29  2:55  Orbital Command  
  29  2:56  SCV  
  30  3:10  Hellion x2  
  34  3:18  Medivac  
  36  3:21  SCV  
  36  3:22  SCV  
  38  3:29  Supply Depot  
  38  3:32  Hellion  
  38  3:33  Hellion  
  42  3:35  SCV  
  42  3:36  Liberator  
  42  3:37  SCV  
  46  4:05  Hellion x2  
  50  4:12  SCV x2  
  50  4:14  Supply Depot  
  52  4:19  Supply Depot  
  52  4:23  Armory  
  52  4:24  SCV  
  52  4:25  SCV  
  54  4:33  Command Center  
  54  4:37  SCV x2  
  56  4:54  SCV x2  
  56  4:55  Banshee  
  61  5:04  Hellion x2  
  65  5:13  SCV  
  61  5:27  Command Center  
  59  5:28  Supply Depot  
  59  5:29  Supply Depot  
  59  5:31  Supply Depot  
Tags
 
Add a new tag
Caveats
  • Supply blocks, unpowered buildings, or Contaminate may cause inaccurate times.
  • Supply counts are checked every 10 seconds.